 Dungeon Crawl Stone Soup version 0.20-a0-1065-g8446734 (webtiles) character file.

206 galech the Skirmisher (level 5, 0/55 HPs)
             Began as an Ogre Berserker on Apr 28, 2017.
             Was a Priest of Trog.
             Succumbed to an adder's poison
             ... on level 3 of the Dungeon.
             The game lasted 00:04:02 (2850 turns).

galech the Skirmisher (Ogre Berserker)              Turns: 2850, Time: 00:04:03

Health: 0/55       AC:  3    Str: 27    XL:     5   Next: 84%
Magic:  5/5        EV: 16    Int:  8    God:    Trog [***...]
Gold:   170        SH:  0    Dex: 15    Spells: 4/4 levels left

rFire    . . .     SeeInvis .   a - +0 mace
rCold    . . .     Gourm    .   (no shield)
rNeg     . . .     Faith    +   b - +0 animal skin
rPois    .         Spirit   .   (helmet restricted)
rElec    .         Reflect  .   (no cloak)
rCorr    .         Harm     .   (gloves unavailable)
MR       .....                  (boots unavailable)
Stlth    +++.......             j - amulet of faith
Regen    0.2/turn               (no ring)
MPRegen  0.1/turn               (no ring)

@: mighty, agile, lethally poisoned (0 -> -1)
A: unfitting armour, agile 1, high mp 1, tough skin 1
a: Berserk, Trog's Hand, Burn Spellbooks, Renounce Religion


You were on level 3 of the Dungeon.
You worshipped Trog.
Trog was most pleased with you.
You were not hungry.

You visited 1 branch of the dungeon, and saw 4 of its levels.

You collected 170 gold pieces.

Inventory:

Hand Weapons
 a - a +0 mace (weapon)
Armour
 b - a +0 animal skin (worn)
Jewellery
 j - an amulet of faith (around neck)
Scrolls
 d - 5 scrolls of identify {unknown}
 h - 3 scrolls of remove curse {unknown}
 i - a scroll of enchant armour {unknown}
 n - a scroll of recharging {unknown}
 q - a scroll of noise {unknown}
 r - a scroll of teleportation {unknown}
Potions
 g - a potion of might
 o - a potion of degeneration {unknown}
 s - a potion of flight {unknown}
Comestibles
 c - 3 bread rations
 k - 2 meat rations
 l - a fruit
 m - 2 chunks of flesh


   Skills:
 + Level 4.9 Fighting
 + Level 4.4 Maces & Flails
 + Level 3.7 Dodging
 + Level 0.8 Stealth


You had 4 spell levels left.
You didn't know any spells.

Dungeon Overview and Level Annotations

Branches:
Dungeon (4/15)
 Temple: D:4-7

Altars:

Shops:
D:4 (


Innate Abilities, Weirdness & Mutations

You are too large for most types of armour.
You have tough skin. (AC +1)
You are agile. (Dex +2)
You have an increased reservoir of magic. (+10% MP)


Message History

You feel sick.
You start resting.
Your transformation is almost over.
You start resting.
* * * LOW HITPOINT WARNING * * *
You feel sick.
You start resting.
* * * LOW HITPOINT WARNING * * *
You feel sick.
You start resting.
You feel less wooden.
Your +0 animal skin unmelds from your body.
It was a potion of agility.
You feel agile all of a sudden.
It was a potion of mutation.
You feel extremely strange.
You feel more energetic.
You feel resistant to hostile enchantments.
You feel less resistant to hostile enchantments.
You feel agile.
You die...

##.# #.# #.# #..... ##.#
#.# #.# #.#.## #..# ##.##
#.# #.#.# #.## #...# #.#
########)#.## #.# #.#.#
#(# #......)..^#. #.#
#...# #.#####.##.#######.
#.# ##.########.......##.#
#.
#.###.............######.#
#( ........########@..##
#.# #. ..#.......#
#.....####.# #.
..#.#####.# #..........#
#. ..#.# #.# #..(..###..#
#. ..#.# #.# ##...## #..#
#. ..#.# #.# ##### #..# #.
..#.#####.### #..# #.
............###########..#
#.
.####...###.[.........#..#
##


There were no monsters in sight!

Vanquished Creatures
  2 orc priests (D:3)
  A centaur skeleton (D:3)
  3 adders (D:3)
  2 oozes
  A worm (D:2)
  4 dart slugs
  A leopard gecko (D:2)
  11 orcs (D:3)
  11 goblins
  2 hobgoblins (D:1)
  4 jackals
  A quokka (D:2)
  7 bats
  5 frilled lizards
  6 kobolds
  4 rats
65 creatures vanquished.

Notes
Turn   | Place    | Note
-------+----------+-------------------------------------------
     0 | D:1      | galech the Ogre Berserker began the quest for the Orb.
     0 | D:1      | Reached XP level 1. HP: 24/24 MP: 1/1
   154 | D:1      | Reached XP level 2. HP: 26/32 MP: 2/2
   511 | D:1      | Reached XP level 3. HP: 25/40 MP: 3/3
  1190 | D:2      | Reached ** piety under Trog
  1920 | D:3      | Reached XP level 4. HP: 36/49 MP: 4/4
  2301 | D:3      | Reached XP level 5. HP: 44/55 MP: 5/5
  2343 | D:3      | Reached *** piety under Trog
  2809 | D:4      | Found Hycryol's Weapon Boutique.
  2823 | D:3      | HP: 4/82 [poisoned by an adder]
  2828 | D:3      | HP: 3/82 [poisoned by an adder]
  2835 | D:3      | HP: 2/82 [poisoned by an adder]
  2842 | D:3      | HP: 1/82 [poisoned by an adder]
  2850 | D:3      | Gained mutation: You have an increased reservoir of magic. (+10% MP) [potion of mutation]
  2850 | D:3      | Gained mutation: You are resistant to hostile enchantments. (MR+) [potion of mutation]
  2850 | D:3      | Lost mutation: You are resistant to hostile enchantments. (MR+) [potion of mutation]
  2850 | D:3      | Gained mutation: You are agile. (Dex +2) [potion of mutation]
  2850 | D:3      | Succumbed to an adder's poison

Vault maps used:
D:1:      minmay_arrival_cross, serial_bayou_crossing
D:4:      tgw_fedhas, yredelemnul_forgotten_temple_becter, serial_shops,
          nicolae_shop_waterfront, shop, shop_statue, shop_coins,
          hangedman_ru_absence

Skill      XL: |  1  2  3  4  5 |
---------------+----------------+-----
Dodging        | 3 |  3.7
Maces & Flails | 3 4 |  4.4
Fighting       | |  4.9
Stealth        | |  0.8

Action                   |  1- 3 |  4- 6 || total
-------------------------+-------+-------++-------
Melee: Mace              |   123 |    83 ||   206
Invok: Trog's Hand       |     1 |     1 ||     2
       Berserk           |     1 |       ||     1
  Use: Potion            |       |     4 ||     4
  Eat: Chunk             |     3 |     5 ||     8
Armor: Animal skin       |    50 |    17 ||    67
       Skin              |       |     5 ||     5
Dodge: Dodged            |    79 |    42 ||   121
